 Dungeon Crawl Stone Soup version 0.29-a0-1027-gcd8c55af63 (webtiles) character file.

Game seed: 15507385735691550564

2635 siradein the Cleaver (level 9, 0/84 HPs)
             Began as a Hill Orc Fighter on Aug 13, 2022.
             Was an Initiate of Qazlal.
             Succumbed to a killer bee's poison
             ... on level 6 of the Dungeon.
             The game lasted 00:15:17 (7870 turns).

siradein the Cleaver (Hill Orc Fighter)             Turns: 7870, Time: 00:15:18

Health: 0/84       AC: 11    Str: 23    XL:     9   Next: 61%
Magic:  2/9        EV:  7    Int:  8    God:    Qazlal [......]
Gold:   362        SH:  5    Dex: 10    Spells: 8/8 levels left

rFire   . . .      SeeInvis .   a - +0 war axe
rCold   . . .      Faith    .   c - +0 buckler
rNeg    . . .      Spirit   +   i - +0 chain mail
rPois   .          Reflect  .   m - +0 helmet
rElec   .          Harm     .   y - +0 cloak
rCorr   .          Rampage  .   (no gloves)
Will    .....                   (no boots)
Stlth   ..........              u - amulet of guardian spirit
HPRegen 0.24/turn               (no ring)
MPRegen 0.11/turn               (no ring)

@: lethally poisoned (0 -> -10)
A: no striking features
a: Renounce Religion


You were on level 6 of the Dungeon.
You worshipped Qazlal.
Qazlal was noncommittal.
You visited 2 branches of the dungeon, and saw 8 of its levels.

You collected 446 gold pieces.
You spent 84 gold pieces at shops.

Inventory:

Hand Weapons
 a - a +0 war axe (weapon)
Missiles
 w - 4 curare-tipped darts (quivered)
Armour
 c - a +0 buckler (worn)
 i - a +0 chain mail (worn)
 m - a +0 helmet (worn)
 y - a +0 cloak (worn)
Jewellery
 u - an amulet of guardian spirit (around neck)
 B - the ring of Tossoba {Wiz rCorr Dex+8 Slay-5 SInv}
   (You found it on level 4 of the Dungeon)

   [ring of wizardry]

   It improves your spell success rate.
   Dex:       It affects your dexterity (+8).
   Slay:      It affects your accuracy & damage with ranged weapons and melee
   (-5).
   SInv:      It lets you see invisible.
   rCorr:     It protects you from acid and corrosion.
 D - an amulet of faith
Wands
 v - a wand of flame (22)
 x - a wand of roots (11)
 C - a wand of digging (7)
Scrolls
 b - 2 scrolls of fear {unknown}
 e - a scroll of torment {unknown}
 f - a scroll of vulnerability {unknown}
 g - a scroll of poison {unknown}
 h - 2 scrolls of amnesia {unknown}
 j - 2 scrolls of blinking {unknown}
 k - 2 scrolls of enchant weapon
 n - a scroll of magic mapping {unknown}
 o - 6 scrolls of teleportation {unknown}
 p - 4 scrolls of enchant armour {unknown}
 r - a scroll of immolation {unknown}
 t - a scroll of noise {unknown}
Potions
 d - a potion of might
 l - 2 potions of lignification
 q - a potion of ambrosia
 s - a potion of resistance
 z - 2 potions of heal wounds
 A - a potion of brilliance
 E - a potion of curing {unknown}
 F - a potion of cancellation {unknown}


   Skills:
 + Level 9.4 Fighting
 + Level 9.9 Axes
 - Level 4.0 Armour
 + Level 8.6 Shields


You had 8 spell levels left.
You didn't know any spells.
Your spell library contained the following spells:

 Spells                   Type           Power      Damage    Failure   Level
 Scorch                   Fire           0%         2d5       99%         2
 Ozocubu's Armour         Ice            0%         N/A       100%        3
 Flame Wave               Conj/Fire      0%         2d4       100%        4
 Summon Cactus Giant      Summ           0%         N/A       100%        6
 Ozocubu's Refrigeration  Ice            0%         4d7       100%        7


Dungeon Overview and Level Annotations

Branches:
Dungeon (7/15)             Temple (1/1) D:6

Altars:
Ashenzari
Cheibriados
Dithmenos
Gozag
Hepliaklqana
Kikubaaqudgha
Makhleb
Nemelex Xobeh
Okawaru
Qazlal
Ru
Sif Muna
Trog
Uskayaw
Vehumet
Wu Jian
Xom
Yredelemnul
Zin
The Shining One

Shops:
D:7 ?


Message History

The killer bee stings you but does no damage.
You feel very sick.
The killer bee stings you but does no damage. x6
You feel sick.
The killer bee stings you but does no damage. x2
The killer bee stings you.
* * * LOW HITPOINT WARNING * * *
The killer bee stings you.
* * * LOW HITPOINT WARNING * * *
You block the killer bee's attack. The killer bee stings you.
The killer bee attacks as you move away!
The killer bee closely misses you.
The killer bee attacks as you move away!
The killer bee stings you.
* * * LOW HITPOINT WARNING * * *
You feel sick.
The killer bee stings you but does no damage.
You block the killer bee's attack. The killer bee completely misses you.
The killer bee attacks as you move away!
The killer bee stings you.
* * * LOW HITPOINT WARNING * * *
You feel sick. The killer bee stings you.
* * * LOW HITPOINT WARNING * * *
You are lethally poisoned!
The killer bee poisons you! You block the killer bee's attack.
The killer bee stings you but does no damage.
There is a stone staircase leading up here.
Unknown command.
Unknown command.
* * * LOW HITPOINT WARNING * * *
You feel very sick.
The killer bee stings you but does no damage. x3
You block the killer bee's attack. The killer bee barely misses you.
The killer bee stings you.
* * * LOW HITPOINT WARNING * * *
The killer bee stings you but does no damage.
The killer bee stings you.
* * * LOW HITPOINT WARNING * * *
You climb upwards.
You die...

# ###.###'###### #
#............# #
#............# #
#............# #
#............# #
#####............#
#
#................#
#.###.....y.y....#
#.# ##....y@y.#.##
#.# #.######.#.#
#.# #.#......#.#
#.# #.#.####.#.#
#.# #.#.#..#.#.#
#.# #.#.#..#<#.#
#.# #.#.#....#.#
#.# #.#.#.##.#.#
#.# #)#.#....#.#


You could see 4 killer bees.

Vanquished Creatures
  A troll (D:7)
  Grinder (D:5)
  A water moccasin (D:5)
  2 sky beasts
  2 ice beasts
  A black bear (D:5)
  A phantom (D:4)
  An ogre (D:5)
  2 necrophages
  4 scorpions
  2 killer bees (D:7)
  3 howler monkeys (D:7)
  4 hounds
  A quasit (D:5)
  3 jellies
  Crazy Yiuf (D:3)
  4 orc priests
  3 iguanas
  Ijyb (D:5)
  Terence (D:2)
  6 orc wizards
  Robin (D:2)
  4 gnolls (D:5)
  10 adders
  3 shadow imps
  2 white imps
  An ufetubus (D:5)
  2 worms
  2 dart slugs
  22 orcs
  5 bats (D:1)
  5 endoplasms (D:1)
  2 giant cockroaches
  14 goblins
  9 hobgoblins
  3 kobolds
  4 quokkas
  7 ball pythons
  4 frilled lizards
  7 rats
152 creatures vanquished.

Vanquished Creatures (others)
  3 demonic plants (D:5)
3 creatures vanquished.

Grand Total: 155 creatures vanquished

Notes
Turn   | Place    | Note
-------+----------+-------------------------------------------
     0 | D:1      | siradein the Hill Orc Fighter began the quest for the Orb.
     0 | D:1      | Reached XP level 1. HP: 19/19 MP: 1/1
   122 | D:1      | Reached XP level 2. HP: 27/27 MP: 2/2
   617 | D:1      | Reached XP level 3. HP: 33/33 MP: 3/3
  1200 | D:2      | Reached XP level 4. HP: 40/40 MP: 4/4
  1224 | D:2      | Noticed Robin
  1234 | D:2      | Killed Robin
  1403 | D:2      | Noticed Terence
  1415 | D:2      | Killed Terence
  1549 | D:2      | Found an ancient bone altar of Kikubaaqudgha.
  1677 | D:2      | Reached XP level 5. HP: 42/47 MP: 5/5
  2065 | D:3      | Reached skill level 5 in Fighting
  2265 | D:3      | Reached XP level 6. HP: 46/56 MP: 6/6
  2268 | D:3      | Reached skill level 5 in Axes
  2544 | D:3      | Found a runed translucent door.
  2545 | D:3      | Noticed Crazy Yiuf
  2767 | D:3      | Killed Crazy Yiuf
  2768 | D:3      | Reached skill level 5 in Shields
  2889 | D:4      | Found a glowing golden altar of the Shining One.
  2900 | D:4      | Found a shimmering blue altar of Sif Muna.
  3147 | D:4      | Found a burning altar of Makhleb.
  3220 | D:4      | Reached XP level 7. HP: 61/62 MP: 5/7
  3448 | D:4      | Identified the ring of Tossoba {Wiz rCorr Dex+8 Slay-5
                  | SInv}
  3654 | D:5      | Entered Level 5 of the Dungeon
  3815 | D:5      | Noticed Ijyb
  3817 | D:5      | Paralysed by Ijyb for 4 turns
  3842 | D:5      | Killed Ijyb
  4316 | D:5      | Reached XP level 8. HP: 71/71 MP: 8/8
  4446 | D:5      | Noticed Grinder
  4449 | D:5      | Paralysed by Grinder for 5 turns
  4457 | D:5      | Paralysed by Grinder for 5 turns
  4470 | D:5      | Paralysed by Grinder for 5 turns
  4480 | D:5      | Paralysed by Grinder for 5 turns
  4490 | D:5      | Killed Grinder
  5438 | D:6      | Reached XP level 9. HP: 66/82 MP: 6/9
  5957 | D:6      | Found a staircase to the Ecumenical Temple.
  6510 | D:7      | Noticed a troll
  6580 | D:7      | Found Xahi's Magic Scroll Shoppe.
  6583 | D:7      | Bought 3 scrolls of identify for 84 gold pieces
  6854 | D:7      | Killed a troll
  7499 | Temple   | Entered the Ecumenical Temple
  7676 | Temple   | Became a worshipper of Qazlal Stormbringer
  7869 | D:7      | HP: 3/84 [killer bee (2)]
  7870 | D:6      | Succumbed to a killer bee's poison

Illustrated notes

Levels and vault maps discovered:
D:1:      dpeg_arrival_oval, layout_basic
D:2:      layout_rooms, basic_altar, uniq_robin, uniq_terence
D:3:      layout_rooms, minmay_stone_trees_small, hex_tiny,
          uniq_crazy_yiuf_cottage
D:4:      layout_basic, grunt_temple_overflow_open,
          mainiacjoe_overflow_24_doors, hangedman_feature_mirror,
          grunt_decor_junction
D:5:      layout_basic, serial_demonic, serial_demonic_c, serial_demonic_e,
          serial_demonic_b, serial_demonic_b, uniq_grinder, uniq_ijyb
D:6:      layout_basic, minmay_temple_entry_from_below_a
D:7:      layout_gridville, serial_shops, nicolae_stop_n_shop_2,
          dk_noncrumbling_2
Temple:   bh_familiar_temple

Skill      XL: |  1  2  3  4  5  6  7  8  9 |
---------------+----------------------------+-----
Axes           | 3 4 5 6 8 9 |  9.9
Fighting       | 4 5 6 8 9 |  9.4
Shields        | 4 5 6 7 8 |  8.6
Armour         | 4 |  4.0

Action                   |  1- 3 |  4- 6 |  7- 9 || total
-------------------------+-------+-------+-------++-------
Melee: War axe           |    73 |   161 |   310 ||   544
Throw: Dart              |       |       |     1 ||     1
  Use: Scroll            |       |       |     8 ||     8
Armor: Scale mail        |    17 |       |       ||    17
       Chain mail        |    23 |    96 |   230 ||   349
Dodge: Dodged            |    33 |    60 |   112 ||   205
Block: Buckler           |    19 |    22 |    83 ||   124

Table legend: (Time is in decaauts)
 A = Elapsed time spent in this place.
 B = Non-inter-level travel time spent in this place.
 C = Inter-level travel time spent in this place.
 D = Time resting spent in this place.
 E = Time spent auto-exploring this place.
 F = Levels seen in this place.
 G = Mean time per level.
                   A        B        C        D        E       F      G
               +--------+--------+--------+--------+--------+-----+--------+
         Total |   7996 |   7663 |    333 |    413 |   5978 |   8 |  999.5 |
       Dungeon |   7791 |   7492 |    299 |    413 |   5816 |   7 | 1113.0 |
        Temple |    205 |    171 |     34 |      0 |    162 |   1 |  205.0 |
               +--------+--------+--------+--------+--------+-----+--------+

Top non-repeatable levels by time:
     D:6: 1472 daAuts
     D:2: 1291 daAuts
     D:5: 1276 daAuts
     D:7: 1072 daAuts
     D:4: 1010 daAuts
     D:1: 989 daAuts
     D:3: 677 daAuts
  Temple: 205 daAuts
